[Event "SixDays Budapest January IM-B 2025"]
[Site "Budapest"]
[Date "2025.01.28"]
[Round "5.1"]
[White "Senthil Maran K"]
[Black "Subramanian, Anusha"]
[Result "1-0"]
[Annotator "TA"]
[ECO "E09"]
[WhiteElo "2398"]
[BlackElo "2044"]
[PlyCount "77"]
[EventDate "2025.01.24"]
[EventType "tourn"]
[EventCountry "HUN"]
[SourceTitle "playchess.com"]
[Source "ChessBase"]
[SourceQuality "1"]
[TimeControl "5400+30"]

1. d4 Nf6 2. g3 d5 3. Nf3 e6 4. Bg2 Be7 5. c4 O-O 6. Qc2 Nbd7 7. O-O c6 8. Nbd2 a5 9. e4 dxe4 10. Nxe4 Nxe4 11. Qxe4 Nf6 {[%emt 0:02:56] E09: Closed Catalan: Main Line: 7 Qc2 c6 8 Nbd2.} 12. Qe2 Bd6 13. Ne5 $146 (13. Rd1 Re8 14. Ne5 Nd7 15. Bf4 Qe7 16. Qh5 Nf6 17. Qf3 c5 18. dxc5 Bxc5 19. Rd3 {1-0 Rytenko,V (2291)-Riebel,W (2115) Hessenliga 1819 2018 (8.5)}) 13... Qc7 {[%emt 0:02:03] White is better.} 14. Bf4 Nd7 15. c5 {[%emt 0:05:44] White has more active pieces.} Bxe5 16. Bxe5 {[%emt 0:00:08] White leaves nothing to chance now.} Nxe5 17. dxe5 (17. Qxe5 Qb8 $11) 17... b6 {[%emt 0:01:31] [#] Threatens to win with ...Ba6.} 18. Rfc1 Bb7 19. Qe3 bxc5 20. Qxc5 a4 {[%emt 0:08:12] [#]} ({Better is} 20... Rfd8) 21. b4 $1 $16 (21. Bxc6 $2 Rac8 22. Bxb7 Qxc5 23. Bxc8 Qb5 $19 (23... Qxe5 $2 24. Bd7 $19)) 21... axb3 22. axb3 (22. Bxc6 $2 b2 (22... bxa2 $2 23. Bg2 $19) (22... Rxa2 $2 23. Rab1 $19) 23. Rab1 bxc1=Q+ $19 (23... bxc1=B $2 24. Rxb7 Qc8 25. Qc4 $19) (23... bxc1=R+ $2 24. Rxc1 Rac8 25. Bxb7 $19)) 22... Rfb8 (22... Qb8 $16 23. b4 (23. Bxc6 $2 Rxa1 24. Rxa1 Rc8 $19) 23... h6) 23. b4 $18 (23. Bxc6 $2 Rxa1 24. Rxa1 Qxc6 $19 (24... Bxc6 $2 25. Rc1 $19)) 23... Qd7 24. Rxa8 (24. Bxc6 $2 Bxc6 25. Ra5 Be4 $19) 24... Rxa8 (24... Bxa8 $142 25. Ra1 (25. Bxc6 Bxc6 26. Qxc6 Qxc6 $16) 25... Qd8) 25. Qd6 (25. Bxc6 Bxc6 26. Qxc6 Qxc6 27. Rxc6 g5 $16) 25... Qe8 26. b5 (26. Bxc6 Bxc6 27. Qxc6 (27. Rxc6 g6 $16) 27... Qxc6 28. Rxc6 g5 $16) 26... Rc8 27. bxc6 ({Not} 27. Bxc6 h5 28. h4 (28. Bxe8 $2 {is a self mate.} Rxc1+) 28... Ba8 $18) 27... Ba8 (27... h6 $142 28. h4 (28. cxb7 $2 {too greedy.} Rxc1+ 29. Bf1 Rb1 $19) 28... g6) 28. c7 Bxg2 29. Kxg2 {[%emt 0:00:07][%mdl 4096] Endgame KQR-KQR. White is a pawn up.} h5 30. Rd1 (30. Rb1 $142 g5 31. Rb8) 30... Kh7 31. Qd7 Qxd7 32. Rxd7 {[%emt 0:00:02] KR-KR. White is a pawn up.} Kg6 33. Kf3 f6 (33... Kf5 $142 34. Rxf7+ Kxe5 35. Rxg7 Kf6) 34. Ke4 Kh6 35. Kd4 {[%emt 0:00:35] exf6 is the strong threat.} f5 36. h4 {[%emt 0:00:56] White mates.} g5 37. f4 gxf4 38. gxf4 Kg6 39. Kc5 {[%emt 0:00:30] Weighted Error Value: White=0.27 (precise) /Black=1.08  Mistake:       	---       	Black=4      Inaccurate:     	---       	Black=1      OK:         	White=4     	Black=7      Best:        	White=3     	---        Strong:       	White=1     	---} 1-0

[Event "SixDays Budapest January IM-B 2025"]
[Site "Budapest"]
[Date "2025.01.28"]
[Round "5.2"]
[White "Horvath, David"]
[Black "Meers, Hubert"]
[Result "1/2-1/2"]
[Annotator "TA"]
[ECO "E11"]
[WhiteElo "2299"]
[BlackElo "2198"]
[PlyCount "33"]
[EventDate "2025.01.24"]
[EventType "tourn"]
[EventCountry "HUN"]
[SourceTitle "playchess.com"]
[Source "ChessBase"]
[SourceQuality "1"]
[TimeControl "5400+30"]

1. d4 Nf6 2. c4 e6 3. Nf3 Bb4+ 4. Nbd2 Ne4 5. a3 Nxd2 6. Nxd2 {[%emt 0:10:17] E11: Bogo-Indian.} Be7 7. g3 O-O 8. Bg2 {[%emt 0:01:03] White is slightly better.} d6 $146 (8... f5 9. Nf3 Bf6 10. O-O d6 11. e3 c6 12. Bd2 Nd7 13. Qc2 Qb6 14. Bc3 g5 {1-0 Karavaev,E-Shadchnev,N RUS-Cup Bor 2000 (4)}) 9. Nf3 Nd7 10. e4 e5 11. O-O c6 12. Be3 Qc7 13. h3 a5 14. a4 exd4 15. Nxd4 Nc5 16. Qc2 Bf6 17. b3 {[%emt 0:07:04] Weighted Error Value: White=0.14 (very precise) /Black=0.06 (flawless)   Inaccurate:     	White=2     	Black=1      OK:         	White=2     	Black=6} 1/2-1/2

[Event "SixDays Budapest January IM-B 2025"]
[Site "Budapest"]
[Date "2025.01.28"]
[Round "5.3"]
[White "Papp, Bence"]
[Black "Krizsany, Laszlo"]
[Result "1/2-1/2"]
[Annotator "TA"]
[ECO "D02"]
[WhiteElo "2272"]
[BlackElo "2303"]
[PlyCount "61"]
[EventDate "2025.01.24"]
[EventType "tourn"]
[EventCountry "HUN"]
[SourceTitle "playchess.com"]
[Source "ChessBase"]
[SourceQuality "1"]
[TimeControl "5400+30"]

1. d4 d5 2. Nf3 c5 3. c4 dxc4 4. e4 cxd4 5. Qxd4 Qxd4 6. Nxd4 Bd7 {[%emt 0:00:30] D20: Queen's Gambit Accepted: 3 e3 and 3 e4.} 7. Bxc4 e5 8. Nb3 Nf6 {[%emt 0:08:26] White has an edge.} 9. f3 $146 (9. Nc3 Bb4 10. Bd2 Bc6 {½-½ Korpics,Z (2315)-Karolyi,T (2385) HUN-chT Hungary 1995}) 9... Bb4+ 10. Bd2 Bxd2+ 11. N1xd2 Ke7 12. Rc1 Rc8 {[%emt 0:06:28] The position is equal.} 13. Kf2 Nc6 14. Rc3 Nd8 15. Rhc1 Rc7 16. Nf1 Rac8 17. Ne3 b5 18. Bf1 Rxc3 19. Rxc3 Rxc3 20. bxc3 Nb7 {[%emt 0:06:00] Against Nc5} 21. g4 Kd6 22. c4 a6 23. cxb5 axb5 24. Ke1 Nc5 25. Kd2 Nxb3+ 26. axb3 $11 {[%emt 0:00:02] KBN-KBN} Kc5 27. Nc2 Ne8 28. b4+ Kd6 29. Na3 Nc7 30. g5 Kc6 31. h4 {[%emt 0:05:49] Weighted Error Value: White=0.05 (flawless) /Black=0.03 (flawless)   OK:         	White=6     	Black=13     Best:        	---       	Black=1} 1/2-1/2

[Event "SixDays Budapest January IM-B 2025"]
[Site "Budapest"]
[Date "2025.01.28"]
[Round "5.4"]
[White "Tancsa, Tamas"]
[Black "Ongut, Tamas Gunes"]
[Result "1/2-1/2"]
[Annotator "TA"]
[ECO "B57"]
[WhiteElo "2192"]
[BlackElo "2262"]
[PlyCount "54"]
[EventDate "2025.01.24"]
[EventType "tourn"]
[EventCountry "HUN"]
[SourceTitle "playchess.com"]
[Source "ChessBase"]
[SourceQuality "1"]
[TimeControl "5400+30"]

1. e4 c5 2. Nf3 Nc6 3. d4 cxd4 4. Nxd4 Nf6 5. Nc3 d6 6. Bc4 Bd7 7. Nxc6 {[%emt 0:16:43] B57: Classical Sicilian: Sozin with 6...Qb6.} Bxc6 8. Qe2 g6 9. O-O Bg7 10. f3 O-O {[%emt 0:01:35] The position is equal.} 11. Be3 {[%emt 0:00:04] Against Qb6} Qa5 $146 (11... Qc7 12. Rfd1 a6 13. a4 Rac8 14. Bb3 Nd7 15. Ra2 Kh8 16. a5 f5 17. Be6 fxe4 18. fxe4 {1-0 Hornych,C (2035)-Schmidt,R (1786) Mecklenburg VP LL 1617 2016 (1.5)}) 12. Rad1 Rac8 13. Bd4 Nd7 14. Bxg7 Kxg7 15. Qe3 Qb6 16. Qxb6 Nxb6 17. Be2 Bd7 18. Rd2 Rc5 19. Nd5 Nxd5 20. exd5 b5 21. c3 a5 22. Re1 Rd8 23. Bf1 Kf8 24. Re4 Bc8 25. a3 Bb7 26. Red4 Rb8 27. Kf2 Ba8 {[%emt 0:01:34] Weighted Error Value: White=0.08 (flawless) /Black=0.06 (flawless)   Inaccurate:     	White=1     	---        OK:         	White=6     	Black=9      Best:        	---       	Black=1} 1/2-1/2

[Event "SixDays Budapest January IM-B 2025"]
[Site "Budapest"]
[Date "2025.01.28"]
[Round "5.5"]
[White "Vandan Alankar Sawai"]
[Black "Varga, Csaba Zoltan"]
[Result "0-1"]
[Annotator "TA"]
[ECO "B97"]
[WhiteElo "2177"]
[BlackElo "2198"]
[PlyCount "193"]
[EventDate "2025.01.24"]
[EventType "tourn"]
[EventCountry "HUN"]
[SourceTitle "playchess.com"]
[Source "ChessBase"]
[SourceQuality "1"]
[TimeControl "5400+30"]

1. e4 c5 2. Nf3 d6 3. d4 cxd4 4. Nxd4 Nf6 5. Nc3 a6 6. Bg5 e6 7. f4 Qb6 8. a3 Nbd7 9. Bh4 Rb8 (9... Qxb2 $2 10. Na4 $18) 10. Bf2 Qc7 (10... Qxb2 $2 11. Na4 $18) 11. Bd3 b5 12. Qe2 h5 13. h3 Nc5 14. O-O Bb7 15. Rae1 Rc8 16. Nf3 Be7 17. e5 Nxd3 18. cxd3 dxe5 19. Nxe5 O-O 20. Bh4 g6 21. Qf2 Qd8 (21... Kg7 {is more complex.} 22. Qg3 Ng8 23. Ne4 Qd8) 22. Rd1 Rc7 (22... Bc5 $5 23. d4 Be7 $11) 23. Qe2 Qd4+ 24. Bf2 Qd6 (24... Qxf4 $2 25. Bb6 Qg5 26. Bxc7 $18) 25. Ne4 Qd5 26. Bb6 Rcc8 27. Ng5 (27. Rfe1 $11 {keeps the balance.}) 27... Nd7 $17 28. Nxd7 Qxd7 29. Ba5 Bf6 30. Ne4 Qd4+ 31. Rf2 Bh4 32. g3 Bd8 33. Bb4 h4 34. g4 {[%emt 0:04:50] [#]} (34. Kh2 $15) 34... f5 $2 (34... Bb6 $1 $19 35. Bxf8 (35. Bc3 Rxc3) 35... Kxf8 (35... Rxf8 36. g5 $17)) 35. Nd6 (35. gxf5 $5 exf5 (35... Rxf5 36. Bc3 $14) 36. Nd6 $14) 35... Bb6 $1 36. Nxb7 (36. Nxc8 $5 Qxf2+ 37. Qxf2 Bxf2+ 38. Kxf2 Rxc8 39. gxf5 exf5 40. Rd2 $11) 36... fxg4 $1 37. Bxf8 Rxf8 38. Qxe6+ $2 (38. hxg4 $1 $11 Rxf4 39. Rdf1 (39. Qxe6+ Kf8 $17)) 38... Kh8 $19 39. Rdd2 g3 (39... Rxf4 40. Qe8+ Kg7 41. Qe7+ Kg8 42. Qe8+ Kg7 43. Qe7+ Kg8 44. Qe8+ Kh7 45. Qe7+ Kg8 $11) 40. Qxg6 gxf2+ 41. Kf1 {[%emt 0:00:06] [#]} Qxf4 (41... Rxf4 $2 42. Re2 Qg7 (42... Rf8 43. Re7) 43. Re8+ (43. Qxb6 $2 Qg1#) 43... Rf8 44. Rxf8+ (44. Qxb6 $2 Qg1+ 45. Ke2 Qe1#) 44... Qxf8 45. Qxb6 $18) (41... Rf6 $1 $17 42. Qg5 Qxf4 (42... Rxf4 43. Qh6+ Kg8 44. Nd6 $15) 43. Qxf4 Rxf4) 42. Qxb6 $11 Qxd2 43. Qd4+ Kh7 44. Qe4+ Kg7 45. Qg4+ Kf6 46. Qf3+ Kg6 47. Qe4+ $1 Rf5 (47... Kh5 $5 48. Qg4+ $8 Kh6 49. Qe6+ Kg7 50. Qe7+ Rf7 51. Qe5+ Rf6 52. Qe7+ Kg6 53. Qe8+ Kh6 54. Qh8+ Kg5 55. Qg8+ Rg6 56. Qd8+ Kf4 (56... Rf6 57. Qg8+ Rg6 58. Qd8+ Kf4 59. Qxh4+ Kf5 60. Qe4+ Kf6 61. Qd4+ Kf7 62. Qxf2+ Qxf2+ 63. Kxf2 $19) 57. Qxh4+ Kf5 58. Qe4+ Kf6 59. Qd4+ Kf7 60. Qxf2+ Qxf2+ 61. Kxf2 Ke6 $17) 48. Qe8+ Kg7 49. Qd7+ (49. Qe7+ $11 Rf7 50. Qe5+ Rf6 51. Qe7+ Kg8 52. Qe8+ (52. Qxf6 Qe1+ 53. Kg2 Qg1+ 54. Kf3 f1=Q+ 55. Ke4 Qxf6 56. Kd5 Qgd4#) 52... Kg7 53. Qe7+) 49... Kf6 (49... Rf7 $1 $15 50. Qg4+ Kh8 51. Qxh4+ Kg8 52. Qg4+ Rg7 53. Qe6+ Kh8 54. Qe8+ Kh7 55. Qe4+ Kh8 56. Qe8+) 50. Qd6+ $11 Kg5 51. Qe7+ Kg6 52. Qe6+ Kg5 53. Qg8+ Kf4 54. Qg4+ Ke5 55. Qg7+ Rf6 56. Qe7+ Kf5 $1 57. Qh7+ Kg5 58. Qg7+ (58. Qg8+ $11 Rg6 59. Qd8+ Kf4 (59... Rf6 60. Qg8+ Rg6 61. Qd8+ Rf6 62. Qg8+ $11) 60. Qxh4+ Kf5 61. Qe4+ Kg5 62. Qg4+ Kf6 63. Qd4+ Kg5 64. Qg4+) 58... Kh5 $1 $15 (58... Rg6 59. Qe5+ Kh6 60. Qh8+ Kg5 61. Qe5+ Kh6 62. Qh8+ Kg5 63. Qe5+ $11) 59. Qg4+ (59. Qxf6 Qe1+ (59... Qxd3+ 60. Kxf2 Qg3+ 61. Ke2 $16) 60. Kg2 Qg1+ 61. Kf3 f1=Q+ (61... f1=R+ 62. Ke4 Rxf6 63. a4 Qb6 64. b4 Qxb7+ 65. Kd4 Qd7+ 66. Ke4 Re6+ 67. Kf3 Qxd3+ 68. Kg2 Re2+ 69. Kh1 Qd1#) 62. Ke4 Qxf6 63. Kd5 Qgd4#) 59... Kh6 60. Qxh4+ {[%emt 0:00:09] [#]} Kg7 $1 61. Qg4+ Kh8 (61... Rg6 $17 {( -> ...Qe1+)} 62. Qd4+ Kh7 63. Qh4+ Qh6 64. Qe7+ Rg7 65. Qe4+ Qg6) 62. Qh4+ Qh6 (62... Kg7 $2 63. Qg4+ Kh8 64. Qh4+ Qh6 65. Qxh6+ Rxh6 66. Kxf2 $19) 63. Qxh6+ Rxh6 64. Nc5 (64. Kxf2 $15 Rxh3 65. Nc5) 64... a5 (64... Rxh3 65. Kxf2 a5 66. b3 $19) (64... Rf6 $17 65. b4 Kg7) 65. Nb3 $2 ({White should play} 65. Kxf2 $15 Rxh3 66. b3) 65... Rc6 $2 (65... Rxh3 66. Nxa5 Rxd3 67. Kxf2 $17) (65... a4 $19 66. Nd4 b4 (66... Rxh3 67. Nxb5 Rxd3 68. Kxf2 $17) 67. Kxf2 Rxh3) 66. Nd4 $1 $11 Rc1+ 67. Kxf2 Rb1 68. b3 Kg7 69. Nxb5 $2 (69. Kf3 $11 {and White is okay.}) 69... Rxb3 $19 70. a4 Rxd3 71. Ke2 Rxh3 72. Nd6 Ra3 ({Black should try} 72... Rh1 $19 {And now ...Kf6 would win.} 73. Ke3 Rh5) 73. Kd2 $2 (73. Nc4 $15 Rxa4 74. Kd3) 73... Kf6 $2 (73... Rxa4 {mates} 74. Kc3 Rb4 75. Nc4 Rb5 76. Nb2 Kf6 77. Kc2 Ke6 78. Kc3 Kd5 79. Na4 Rb8 80. Nb2 Rc8+ 81. Kb3 Kd4 82. Na4 Rh8 83. Kc2 Rh2+ 84. Kb3 Rh3+ 85. Kb2 Kc4 86. Nb6+ Kc5 87. Nd7+ Kb4 88. Nf6 Rh2+ 89. Kc1 a4 90. Ng4 Re2 91. Kd1 Rb2 92. Ne3 Kc3 93. Ke1 a3 94. Nd1+ Kb3 95. Kf1 Rd2 96. Ke1 Rh2 (96... Rxd1+ {gets mated.} 97. Kxd1 a2 98. Ke2 a1=Q 99. Ke3 Qa4 100. Kf3 Qh4 101. Ke3 Kc4 102. Ke2 Qf4 103. Kd1 Qf2 104. Kc1 Kc3 105. Kd1 Qf1#) 97. Kf1 a2 98. Kg1 Rd2 (98... a1=R 99. Kxh2 Rxd1 100. Kg3 Rd4 101. Kf3 Kc2 102. Ke3 Rb4 103. Ke2 Rb3 104. Kf1 Kd1 105. Kf2 Rd3 106. Kg1 Ke1 107. Kg2 Ke2 108. Kh1 Rg3 109. Kh2 Kf2 110. Kh1 Rh3#) 99. Nf2 a1=Q+ (99... a1=B 100. Ng4 $19) 100. Kg2 Qe1 101. Kg3 Rxf2 102. Kh4 Rg2+ 103. Kh5 Qh1#) 74. Nc4 $1 $15 Rxa4 75. Kc3 Ke6 76. Kb3 $2 (76. Kd4 $15) 76... Rb4+ 77. Kc3 Rb5 78. Nb2 Kd5 79. Na4 Rb4 80. Nb2 Kc6 81. Nd3 Rh4 82. Kb2 Kb5 83. Ka2 Kc4 84. Nb2+ Kb4 85. Nd3+ Kc3 86. Nc5 Kc4 87. Nb7 Kb4 88. Nd8 Rh2+ 89. Kb1 Kb3 90. Kc1 Rc2+ 91. Kd1 Kb2 92. Ne6 a4 93. Nd4 Rc1+ 94. Kd2 a3 95. Nb5 a2 96. Nd4 a1=Q 97. Nb3 0-1

[Event "SixDays Budapest January IM-B 2025"]
[Site "Budapest"]
[Date "2025.01.29"]
[Round "6.1"]
[White "Subramanian, Anusha"]
[Black "Varga, Csaba Zoltan"]
[Result "1/2-1/2"]
[Annotator "TA"]
[ECO "C60"]
[WhiteElo "2044"]
[BlackElo "2198"]
[PlyCount "101"]
[EventDate "2025.01.24"]
[EventType "tourn"]
[EventCountry "HUN"]
[SourceTitle "playchess.com"]
[Source "ChessBase"]
[SourceQuality "1"]
[TimeControl "5400+30"]

1. e4 e5 2. Nf3 Nc6 3. Bb5 Nge7 4. c3 Ng6 5. O-O Bd6 6. d4 {[%emt 0:01:30] C60: Ruy Lopez: Unusual Black 3rd moves and 3...g6.} O-O 7. Be3 f5 $146 (7... exd4 $14 8. cxd4 Nce7) (7... exd4 8. cxd4 Bf4 9. Nc3 d6 10. Bc4 Na5 11. Bd3 Be6 12. d5 Bg4 13. Bxf4 Nxf4 {1-0 Faber,H-Vogt,J KO-23397 freechess.de 2022}) 8. exf5 {[%emt 0:06:00] White is clearly better.} Rxf5 9. Bd3 Rh5 (9... Qf6 $142 10. Nbd2 Bf8 11. dxe5 Ngxe5 12. Bxf5 Qxf5 13. Qb3+ Kh8) 10. dxe5 Bxe5 (10... Ngxe5 $142 11. Nxe5 Rxe5) 11. Nxe5 $2 {[%emt 0:08:09] [#]} (11. g4 $18 {is more deadly.}) 11... Rxe5 $16 12. Bxg6 hxg6 13. Bf4 {[%emt 0:01:03] Prevents d6} Rf5 14. Bg3 d5 15. Nd2 Rf7 16. Nb3 Bf5 17. Re1 b6 18. Qd2 a5 19. a4 Kh7 20. Rad1 Re7 21. Rxe7 (21. Qxd5 $2 Qxd5 22. Nd4 Rxe1+ 23. Rxe1 Nxd4 24. cxd4 Qxd4 $19) 21... Qxe7 22. Re1 (22. Qxd5 $2 Rd8 23. Qf3 Rd3 $19) 22... Qd7 23. Nd4 Nxd4 24. Qxd4 Re8 {[%emt 0:00:14] Black is weak on the dark squares} 25. Rxe8 Qxe8 {[%emt 0:00:06][%mdl 4096] Endgame KQB-KQB} 26. Be5 (26. Bxc7 $2 Qe1#) 26... Qd7 27. h3 Be4 28. f3 c5 29. Qd1 Bf5 30. Kh2 Qe6 31. Qe1 g5 {[%emt 0:05:19] Prevents Qh4+} 32. Qg3 Qe7 ({Black should play} 32... Qg6 $14) 33. f4 ({Better is} 33. Bc7 $16) 33... gxf4 $11 34. Qxf4 Be4 35. Bc7 Qe6 36. Qh4+ Kg6 37. Qg3+ (37. Qg4+ {simplifies} Qxg4 38. hxg4 d4 39. cxd4 cxd4 40. Bxb6 Bc2 41. Bxd4 Bxa4 42. Bb6) 37... Kf7 38. Qf4+ Kg8 39. Qg5 Kf7 40. Qf4+ Ke8 41. Qg5 Kf7 42. Qf4+ Kg8 43. Qg5 Bg6 44. Qd8+ Be8 {[%emt 0:00:07] [#]} (44... Kh7 $11) 45. Bxb6 {[%emt 0:00:31] White is more active.} (45. Qb8 $1 $16) 45... Qe5+ {[%emt 0:00:17] The position is equal.} 46. Kg1 Qe3+ 47. Kh1 {[%emt 0:00:15][%cal Ob6c5] Threatens to win with Bxc5!.} Qc1+ 48. Kh2 Qf4+ 49. Kh1 Qf1+ 50. Kh2 Qf4+ 51. Kh1 {[%emt 0:00:06] White really could win this.   Weighted Error Value: White=0.22 (precise) /Black=0.21 (precise)   Missed win:     	White=1     	---        Mistake:       	White=2     	Black=5      Inaccurate:     	White=5     	Black=3      OK:         	White=8     	Black=11     Best:        	---       	Black=6} 1/2-1/2

[Event "SixDays Budapest January IM-B 2025"]
[Site "Budapest"]
[Date "2025.01.29"]
[Round "6.2"]
[White "Ongut, Tamas Gunes"]
[Black "Vandan Alankar Sawai"]
[Result "1-0"]
[Annotator "NA RC"]
[ECO "A08"]
[WhiteElo "2262"]
[BlackElo "2177"]
[PlyCount "49"]
[EventDate "2025.01.24"]
[EventType "tourn"]
[EventCountry "HUN"]
[SourceTitle "playchess.com"]
[Source "ChessBase"]
[SourceQuality "1"]
[TimeControl "5400+30"]

1. Nf3 d5 2. g3 c5 3. Bg2 Nc6 4. d4 f6 5. O-O cxd4 6. Nxd4 e5 7. Nxc6 bxc6 8. c4 Ne7 9. Nc3 Be6 10. Qa4 dxc4 11. Rd1 Qc8 12. Rd6 Bd7 13. Rd1 Be6 14. Ne4 Nd5 15. Rxd5 Bxd5 16. Nxf6+ gxf6 17. Bxd5 Rb8 18. Bxc6+ Kf7 19. Qxa7+ Kg6 20. Bd5 Qe8 21. Be4+ Kh5 22. g4+ Kxg4 23. Qe3 Rxb2 24. Qg3+ Kh5 25. Qh3# 1-0

[Event "SixDays Budapest January IM-B 2025"]
[Site "Budapest"]
[Date "2025.01.29"]
[Round "6.3"]
[White "Krizsany, Laszlo"]
[Black "Tancsa, Tamas"]
[Result "1/2-1/2"]
[Annotator "TA"]
[ECO "E61"]
[WhiteElo "2303"]
[BlackElo "2192"]
[PlyCount "24"]
[EventDate "2025.01.24"]
[EventType "tourn"]
[EventCountry "HUN"]
[SourceTitle "playchess.com"]
[Source "ChessBase"]
[SourceQuality "1"]
[TimeControl "5400+30"]

1. d4 Nf6 2. c4 g6 3. Nc3 Bg7 4. g3 O-O 5. Bg2 d6 6. e3 e5 7. Nge2 c6 8. O-O Qc7 {[%emt 0:01:46] 8...Re8 gains popularity.} 9. b3 Rd8 {[%emt 0:01:47] E61: King's Indian: Early deviations for White, including Smyslov System.} 10. Qd2 a5 $146 (10... exd4 11. Nxd4 Nbd7 12. Ba3 Nb6 13. e4 a6 14. Rfe1 Bd7 15. Rad1 c5 16. Nc2 Bc6 17. Ne3 {1-0 Cruz Lledo,P (2347)-Tudela Gonzalez,V (1936) La Nucia op 5th 2024 (3)}) 11. Rd1 Bd7 12. Ba3 {[%emt 0:03:50] dxe5 would now be deadly.} Bf8 {[%emt 0:00:22] Black did not feel at home in the position after the opening.   Weighted Error Value: White=0.12 (very precise) /Black=0.20 (precise)} 1/2-1/2

[Event "SixDays Budapest January IM-B 2025"]
[Site "Budapest"]
[Date "2025.01.29"]
[Round "6.4"]
[White "Meers, Hubert"]
[Black "Papp, Bence"]
[Result "1/2-1/2"]
[Annotator "TA"]
[ECO "C42"]
[WhiteElo "2198"]
[BlackElo "2272"]
[PlyCount "120"]
[EventDate "2025.01.24"]
[EventType "tourn"]
[EventCountry "HUN"]
[SourceTitle "playchess.com"]
[Source "ChessBase"]
[SourceQuality "1"]
[TimeControl "5400+30"]

1. e4 e5 2. Nf3 Nf6 3. Nxe5 d6 4. Nf3 Nxe4 5. d4 d5 6. Bd3 Nc6 7. O-O Be7 8. c4 Nb4 9. cxd5 Nxd3 10. Qxd3 Qxd5 11. Nc3 Nxc3 12. bxc3 O-O 13. Bf4 Bf5 {[%emt 0:01:21] C42: Petroff Defence: 3 Nxe5 and unusual White 3rd moves.} 14. Qe2 Bd6 15. Bxd6 cxd6 $146 (15... Qxd6 16. Rfe1 Qc6 17. Qb2 f6 18. Nh4 Be6 19. Re3 Kh8 20. Rae1 Bf7 21. Nf5 Rfe8 22. Rxe8+ Rxe8 23. Rxe8+ Bxe8 {½-½ Gac,G-Kubikova,A Wch U10 Girls 1997 (9)}) 16. c4 Qe4 17. Qxe4 Bxe4 18. Nd2 Bd3 19. Rfc1 Rac8 20. Rc3 Bf5 21. Rb3 Rc7 22. Re1 h6 23. f3 Rd8 24. Kf2 Kf8 25. Rb5 Bd7 26. Rb4 b5 27. cxb5 Rc2 28. Re2 Rxa2 29. Ne4 Rxe2+ 30. Kxe2 $11 {[%emt 0:00:03][%mdl 4096] Endgame KRB-KRN} Rb8 31. Nxd6 a5 32. Rb2 Ke7 33. Ne4 Rxb5 34. Ra2 Be6 35. Ra3 Rb2+ 36. Nd2 Ra2 37. Rc3 Kd6 38. Ke3 f5 39. h4 a4 40. Nc4+ Kc6 41. Ne5+ Kb7 42. Nd3 Kb6 {[%emt 0:22:24][%cal Oa2a1] [#]} (42... Rxg2 $2 43. Nc5+ Kb6 44. Nxe6 $18) 43. d5 $1 Bd7 (43... Bxd5 $6 44. Nb4 $16) 44. d6 Rxg2 45. Nf4 Rb2 46. Nd5+ Ka6 47. Kd4 {[%emt 0:04:26] [#]} (47. Kd3 $11) 47... Rb3 $1 $17 48. Rc7 {[%emt 0:04:10] [#]} Rb7 (48... a3 $1 $17 {[%cal Ra3a2] Hoping for ...a2.} 49. Rc1 (49. Rxd7 $2 a2 $19) 49... Rxf3) 49. Rc3 $11 {[%emt 0:00:05] The position is equal.} g5 50. hxg5 hxg5 51. Nf6 g4 52. fxg4 fxg4 53. Nxd7 Rxd7 {[%emt 0:00:02] KR-KR. Black is a pawn up.} 54. Ke5 Kb5 55. Ke6 Rd8 56. Ke7 Rg8 57. d7 Kb4 58. Rg3 {[%emt 0:00:10][%cal Og3g4] Strongly threatening Rxg4+!.} (58. d8=Q $2 {perishes.} Rxd8 59. Rg3 Rd4 $19) (58. Rc8 $5 Rg7+ $8 59. Kd6 Rxd7+ 60. Kxd7 $11) 58... Rg7+ 59. Ke6 $1 Rxd7 60. Kxd7 a3 {[%emt 0:00:09] Weighted Error Value: White=0.06 (flawless) /Black=0.06 (flawless)   Mistake:       	White=1     	Black=1      Inaccurate:     	White=1     	Black=1      OK:         	White=24    	Black=21     Best:        	White=1     	Black=2      Strong:       	White=1     	Black=1} 1/2-1/2

[Event "SixDays Budapest January IM-B 2025"]
[Site "Budapest"]
[Date "2025.01.29"]
[Round "6.5"]
[White "Senthil Maran K"]
[Black "Horvath, David"]
[Result "1-0"]
[Annotator "TA"]
[ECO "A06"]
[WhiteElo "2398"]
[BlackElo "2299"]
[PlyCount "63"]
[EventDate "2025.01.24"]
[EventType "tourn"]
[EventCountry "HUN"]
[SourceTitle "playchess.com"]
[Source "ChessBase"]
[SourceQuality "1"]
[TimeControl "5400+30"]

1. Nf3 d5 2. g3 Nf6 3. Bg2 c5 4. O-O e6 5. d4 cxd4 6. Nxd4 e5 7. Nb3 Nc6 8. Bg5 Be6 9. Nc3 d4 10. Ne4 Be7 11. Nec5 {[%emt 0:03:04] D02: 1 d4 d5 2 Nf3 sidelines, including 2...Nf6 3 g3 and 2...Nf6 3 Bf4.} Bc8 12. c3 dxc3 13. Qxd8+ {[%emt 0:04:19] White is slightly better.} Kxd8 14. bxc3 Kc7 15. Nd3 {[%emt 0:05:15] White has more active pieces.} (15. f4 $1 $16) 15... Bf5 $146 (15... h6 16. Be3 Bd6 17. c4 Re8 18. c5 Bf8 19. h3 Be6 20. Rab1 Bd5 21. Rb2 g5 {½-½ Fyllingen,R (2378)-Berelowitsch,A (2533) Bergen Sommer op 2002 (3)}) 16. Bxc6 Bxd3 17. Bxb7 (17. exd3 {simplifies} Kxc6 18. Rae1 Bd6 19. f4) 17... Bxe2 18. Rfe1 Kxb7 19. Rxe2 Bd6 20. Na5+ Kc7 21. Nc4 $36 {[%emt 0:01:04][%mdl 2048] White fights for an advantage.} Rhe8 22. Rd1 Bc5 23. Nxe5 Ng4 24. Bf4 Nxe5 25. Rxe5 Kc6 {[%emt 0:00:03] [#]} 26. Rf5 $1 f6 {[%emt 0:05:38] [#]} 27. Rdd5 Bf8 28. Rd4 a6 29. Rc4+ Kb7 $2 (29... Kd7 $16 30. Rc7+ Ke6) 30. Rc7+ $18 {[%emt 0:02:51] White is clearly winning.} Kb6 31. a4 Re5 32. Bxe5 {[%emt 0:00:36] Weighted Error Value: White=0.05 (flawless) /Black=0.35  Loses game:     	---       	Black=1      Mistake:       	White=1     	---        Inaccurate:     	White=1     	Black=4      OK:         	White=8     	Black=6      Best:        	White=5     	Black=4      Strong:       	White=1     	---} 1-0